 Dungeon Crawl Stone Soup version 0.27.1-33-g824d729ab1 (webtiles) character file.

Game seed: 5329702505760038083

8925 hilljack the Grappler (level 11, -1/169 HPs)
             Began as a Troll Berserker on Dec 12, 2021.
             Was a High Priest of Trog.
             Slain by a ten-headed hydra (5 damage)
             ... on level 10 of the Dungeon.
             The game lasted 00:13:29 (6879 turns).

hilljack the Grappler (Troll Berserker)             Turns: 6879, Time: 00:13:30

Health: -1/169     AC:  8    Str: 33    XL:     11   Next: 16%
Magic:  10/10      EV: 14    Int:  3    God:    Trog [*****.]
Gold:   557        SH:  0    Dex: 18    Spells: 10/10 levels left

rFire    . . .     SeeInvis .     - Unarmed
rCold    + + .     Faith    .   (no shield)
rNeg     . . .     Spirit   .   v - +0 steam dragon scales
rPois    .         Reflect  .   (helmet restricted)
rElec    .         Harm     .   b - +0 cloak of Disappointment {rC++ rCorr}
rCorr    +         Rampage  .   (gloves unavailable)
Will     .....                  (boots unavailable)
Stlth    ..........             q - amulet of the acrobat
HPRegen  1.38/turn              l - +6 ring of dexterity
MPRegen  0.12/turn              p - +6 ring of strength

@: berserking, very quick
A: large, unfitting armour, claws 3, regeneration 1, shaggy fur 1, tough skin 1
a: Renounce Religion, Berserk, Trog's Hand, Brothers in Arms


You were on level 10 of the Dungeon.
You worshipped Trog.
Trog was extremely pleased with you.
You visited 2 branches of the dungeon, and saw 11 of its levels.

You collected 557 gold pieces.

Inventory:

Hand Weapons
 f - a +2 morningstar
Missiles
 i - 15 poisoned darts
 k - 260 stones
 n - 2 throwing nets
Armour
 b - the +0 cloak of Disappointment (worn) {rC++ rCorr}
   (You acquired it on level 4 of the Dungeon)

   rC:        It greatly protects you from cold.
   rCorr:     It protects you from acid and corrosion.
 v - +0 steam dragon scales (worn)
Jewellery
 a - an amulet of magic regeneration
 h - a ring of ice
 l - a +6 ring of dexterity (left claw)
 p - a +6 ring of strength (right claw)
 q - an amulet of the acrobat (around neck)
 w - a ring of magical power
Wands
 o - a wand of paralysis (7)
 t - a wand of polymorph (9)
 z - a wand of mindburst (6) (quivered)
Scrolls
 c - 10 scrolls of teleportation
 u - a scroll of fog
Potions
 d - 4 potions of magic
 e - 8 potions of curing
 g - 2 potions of attraction
 m - 2 potions of lignification {unknown}
 r - a potion of mutation {unknown}
 s - a potion of resistance {unknown}
 x - 2 potions of brilliance {unknown}


   Skills:
 + Level 8.5 Fighting
 - Level 4.6 Throwing
 + Level 8.5 Dodging
 + Level 10.1 Unarmed Combat


You had 10 spell levels left.
You didn't know any spells.
Your spell library was empty.

Dungeon Overview and Level Annotations

Branches:
Dungeon (10/15)            Temple (1/1) D:4            Lair (0/6) D:10
    Orc: D:9-12

Altars:
Ashenzari
Cheibriados
Dithmenos
Elyvilon
Fedhas
Gozag
Hepliaklqana
Kikubaaqudgha
Makhleb
Nemelex Xobeh
Okawaru
Qazlal
Ru
Sif Muna
Trog
Uskayaw
Vehumet
Wu Jian
Xom
Yredelemnul
Zin
The Shining One

Shops:
D:9 (

Annotations:
D:10 exclusion: oklob plant


Innate Abilities, Weirdness & Mutations

You are too large for most types of armour.
You have claws for hands.
Your natural rate of healing is unusually fast.
You are covered in fur. (AC +1)
You have tough skin. (AC +1)


Message History

You tear one of the seven-headed hydra's heads off!
The six-headed hydra grows two more!
You claw the eight-headed hydra!
The eight-headed hydra is moderately wounded.
The eight-headed hydra bites you. x2; The eight-headed hydra bites you!
The eight-headed hydra bites you.
The eight-headed hydra completely misses you.
The eight-headed hydra closely misses you. x2
The eight-headed hydra bites you.
You completely miss the eight-headed hydra.
The eight-headed hydra is moderately wounded.
The troll closely misses you. The troll barely misses you.
The troll misses you.
You tear one of the eight-headed hydra's heads off!
The seven-headed hydra grows two more!
You scratch the nine-headed hydra.
The nine-headed hydra is lightly wounded.
The nine-headed hydra bites you. The nine-headed hydra bites you!
The nine-headed hydra bites you but does no damage.
The nine-headed hydra closely misses you.
The nine-headed hydra barely misses you.
The nine-headed hydra bites you! x3
* * * LOW HITPOINT WARNING * * *
The nine-headed hydra closely misses you.
You rip one of the nine-headed hydra's heads off!
The eight-headed hydra grows two more!
You eviscerate the ten-headed hydra!!!
The ten-headed hydra is severely wounded.
The troll bites you!
* * * LOW HITPOINT WARNING * * *
The troll claws you!
* * * LOW HITPOINT WARNING * * *
The troll claws you!
* * * LOW HITPOINT WARNING * * *
You barely miss the ten-headed hydra.
The ten-headed hydra is severely wounded.
The ten-headed hydra bites you.
* * * LOW HITPOINT WARNING * * *
The ten-headed hydra bites you but does no damage.
The ten-headed hydra barely misses you. The ten-headed hydra misses you.
The ten-headed hydra bites you but does no damage.
The ten-headed hydra bites you.
You die...

#...# #...# #...#
#########...##############
..........................
..........................
....>.........)...........
........T..........#######
........D@###......#
.......#...≈...#...#######
....#..#...#..#.........
....#.##PPP##.#.........
#..PPPPP..#.........
#≈..P>P..≈##########
#..PPPP...# #.##.P.##.#
#..#...#..##


You could see a ten-headed hydra and a troll.

Vanquished Creatures
  A boulder beetle (D:9)
  A death knight (D:9)
  2 two-headed ogres
  A tengu warrior (D:8)
  A manticore (D:9)
  An ugly thing (D:9)
  An unseen horror (D:7)
  A freezing wraith (D:9)
  A troll (D:8)
  A wraith (D:9)
  Sigmund (D:4)
  A shadow (D:10)
  A steam dragon (D:8)
  2 wyverns
  A water moccasin (D:7)
  2 sky beasts
  A hornet zombie (D:4)
  3 orc warriors
  2 ice beasts
  4 ogres
  2 phantoms
  A centaur (D:10)
  2 kobold brigands
  4 bullfrogs
  A gnoll sergeant (D:7)
  2 wyvern zombies (D:7)
  A scorpion (D:2)
  4 wights (D:7)
  3 howler monkeys
  5 hounds
  4 jellies
  5 orc priests
  A gnoll shaman (D:9)
  2 bullfrog skeletons
  2 centaur skeletons
  8 orc wizards
  2 iguanas
  A hound skeleton (D:4)
  A howler monkey zombie (D:7)
  7 gnolls
  5 adders
  3 shadow imps
  A white imp (D:5)
  An adder skeleton (D:4)
  3 worms
  A dart slug (D:4)
  20 orcs
  6 ball pythons
  8 endoplasms
  5 giant cockroaches
  5 goblins
  6 hobgoblins
  5 jackals
  3 quokkas
  7 bats
  8 frilled lizards
  A goblin skeleton (D:7)
  A goblin zombie (D:7)
  4 hobgoblin zombies (D:7)
  16 kobolds
  2 kobold skeletons (D:7)
  A kobold zombie (D:7)
  2 orc skeletons (D:7)
  An orc zombie (D:7)
  10 rats
212 creatures vanquished.

Vanquished Creatures (others)
  4 plants (D:4)
4 creatures vanquished.

Grand Total: 216 creatures vanquished

Notes
Turn   | Place    | Note
-------+----------+-------------------------------------------
     0 | D:1      | hilljack the Troll Berserker began the quest for the Orb.
     0 | D:1      | Reached XP level 1. HP: 22/22 MP: 0/0
    43 | D:1      | Found a faded altar of an unknown god.
   102 | D:1      | Reached XP level 2. HP: 29/29 MP: 1/1
   461 | D:2      | Reached XP level 3. HP: 21/36 MP: 2/2
   595 | D:2      | Reached ** piety under Trog
   719 | D:2      | Noticed a scorpion
   725 | D:2      | Killed a scorpion
   726 | D:2      | Reached XP level 4. HP: 45/45 MP: 3/3
   736 | D:2      | Reached skill level 4 in Unarmed Combat
  1055 | D:3      | Reached XP level 5. HP: 36/53 MP: 4/4
  1059 | D:3      | Found an ornate altar of the Wu Jian Council.
  1059 | D:3      | Found a glowing silver altar of Zin.
  1416 | D:3      | Reached *** piety under Trog
  2054 | D:4      | Identified a scroll of acquirement
  2054 | D:4      | Acquired the +0 cloak of Disappointment {rC++ rCorr}
  2119 | D:4      | Noticed Sigmund
  2128 | D:4      | Killed Sigmund
  2129 | D:4      | Reached XP level 6. HP: 48/62 MP: 5/5
  2174 | D:4      | Reached skill level 5 in Unarmed Combat
  2217 | D:4      | Identified the +3 leather armour of Kindness {-Tele Harm
                  | Slay+5 Stlth+}
  2251 | D:4      | Reached XP level 7. HP: 66/71 MP: 6/6
  2372 | D:4      | Found a staircase to the Ecumenical Temple.
  2433 | Temple   | Entered the Ecumenical Temple
  2911 | D:5      | Entered Level 5 of the Dungeon
  3117 | D:5      | Reached skill level 5 in Fighting
  3117 | D:5      | Reached skill level 5 in Dodging
  3117 | D:5      | Reached skill level 6 in Unarmed Combat
  3209 | D:5      | Reached **** piety under Trog
  3210 | D:5      | Reached XP level 8. HP: 80/80 MP: 7/7
  3727 | D:6      | Reached skill level 7 in Unarmed Combat
  4069 | D:7      | Reached XP level 9. HP: 67/89 MP: 8/8
  4087 | D:7      | Found a glowing golden altar of the Shining One.
  4208 | D:7      | Reached skill level 1 in Throwing
  4217 | D:7      | Reached ***** piety under Trog
  4515 | D:7      | Killed an unseen horror
  4516 | D:7      | Reached skill level 8 in Unarmed Combat
  4815 | D:8      | Found a broken altar of Ashenzari.
  5200 | D:8      | Noticed a two-headed ogre
  5245 | D:8      | Killed a two-headed ogre
  5246 | D:8      | Reached XP level 10. HP: 39/102 MP: 9/9
  5426 | D:8      | Identified the +0 chain mail of Beyond {Will+ MP+9 Str+2
                  | Int+2}
  5468 | D:9      | Noticed a tengu warrior
  5499 | D:8      | Killed a tengu warrior
  5500 | D:8      | Reached skill level 9 in Unarmed Combat
  5594 | D:9      | Noticed a death knight
  5595 | D:9      | Noticed a two-headed ogre
  5692 | D:9      | Noticed a manticore
  5709 | D:9      | Killed a manticore
  5814 | D:10     | Entered Level 10 of the Dungeon
  5894 | D:9      | Noticed a purple ugly thing
  5920 | D:9      | Killed a purple ugly thing
  6044 | D:9      | Killed a two-headed ogre
  6074 | D:9      | Killed a death knight
  6075 | D:9      | Reached XP level 11. HP: 113/113 MP: 10/10
  6173 | D:9      | Identified the +2 leather armour of Yredelemnul's Delight
                  | {-Tele +Inv Dex+3 SInv}
  6439 | D:9      | Noticed a boulder beetle
  6448 | D:9      | Killed a boulder beetle
  6449 | D:9      | Reached skill level 10 in Unarmed Combat
  6530 | D:9      | Found Teteclema's Antique Weapon Shop.
  6644 | D:10     | Noticed an oklob plant
  6645 | D:10     | Found a staircase to the Lair.
  6863 | D:10     | Noticed a seven-headed hydra
  6878 | D:10     | HP: 8/169 [troll (9)]
  6879 | D:10     | Slain by a ten-headed hydra

Illustrated notes

Levels and vault maps discovered:
D:1:      minmay_arrival_jagged, layout_basic,
          hellmonk_ecumenical_altar_pennies_from_heaven
D:2:      layout_basic
D:3:      layout_loops_ring, jmf_multi_god_temple
D:4:      layout_cave_pools, minmay_temple_entry_nine_rooms,
          lexackson_kobold_supper, uniq_sigmund
D:5:      layout_basic
D:6:      layout_basic, minmay_misc_feat_x, grunt_ministairs_10,
          lightli_orcish_oven
D:7:      layout_cave_pools, nicolae_tso_besieged_by_evil,
          corexii_leaking_fountain, serial_bayou_pond_d
D:8:      layout_loops_ring, ashenzari_conservatory_becter
D:9:      minmay_diamond_stairs, layout_rooms, serial_shops,
          nicolae_take_the_stairs, dk_noncrumbling_2
D:10:     layout_long_grid, dpeg_oklobed_lair
Temple:   eino_narrow_crystal_temple

Skill      XL: |  1  2  3  4  5  6  7  8  9 10 11 |
---------------+----------------------------------+-----
Fighting       | 3 4 5 6 7 8 |  8.5
Dodging        | 3 4 5 6 7 8 |  8.5
Unarmed Combat | 4 5 6 7 8 9 10 | 10.1
Throwing       | 3 4 |  4.6

Action                   |  1- 3 |  4- 6 |  7- 9 | 10-12 || total
-------------------------+-------+-------+-------+-------++-------
Melee: Unarmed           |   106 |   141 |   293 |   127 ||   667
       Punch             |     3 |     3 |    17 |    10 ||    33
Throw: Stone             |       |       |    11 |     2 ||    13
Invok: Berserk           |       |       |       |     2 ||     2
       Trog's Hand       |       |       |       |     1 ||     1
Evoke: Wand              |       |       |       |     6 ||     6
  Use: Scroll            |       |     7 |     5 |     2 ||    14
       Potion            |       |       |       |     1 ||     1
 Stab: Sleeping          |       |     2 |     1 |       ||     3
Armor: Animal skin       |    30 |    47 |    80 |       ||   157
       Steam dragon scal |       |       |    10 |    35 ||    45
Dodge: Dodged            |    42 |    70 |   201 |    97 ||   410
